 Dungeon Crawl Stone Soup version 0.27-a0-819-g058290f16d (webtiles) character file.

Game seed: 2111931599978463994

126826 robertstho the Severer (level 16, -6/161 HPs)
             Began as a Minotaur Berserker on Mar 29, 2021.
             Was the Champion of Trog.
             Mangled by a goliath frog (10 damage)
             ... on level 2 of the Swamp.
             The game lasted 00:39:46 (24516 turns).

robertstho the Severer (Minotaur Berserker)        Turns: 24516, Time: 00:39:47

Health: -6/161     AC: 27    Str: 26    XL:     16   Next: 44%
Magic:  15/15      EV: 11    Int:  5    God:    Trog [******]
Gold:   2009       SH:  0    Dex: 12    Spells: 15/15 levels left

rFire    + + .     SeeInvis .   j - +1 broad axe (flame)
rCold    . . .     Faith    .   (no shield)
rNeg     . . .     Spirit   .   D - +1 chain mail {rF+}
rPois    +         Reflect  .   v - +2 hat {Will+}
rElec    .         Harm     .   C - +0 cloak {rF+}
rCorr    .         Rampage  .   H - +2 pair of gloves
Will     ++++.                  (no boots)
Stlth    ..........             a - amulet of regeneration
HPRegen  2.36/turn              N - ring of poison resistance
MPRegen  0.14/turn              q - +4 ring of protection

@: berserk cooldown, regenerating, slowed, very slow
A: horns 2, retaliatory headbutt
a: Renounce Religion, Berserk, Trog's Hand, Brothers in Arms


You were on level 2 of the Swamp.
You worshipped Trog.
Trog was exalted by your worship.
You visited 4 branches of the dungeon, and saw 25 of its levels.
You also visited: Sewer, Bailey and Volcano.

You collected 2529 gold pieces.
You spent 520 gold pieces at shops.

Inventory:

Hand Weapons
 j - a +1 broad axe of flaming (weapon)
 I - the +1 battleaxe of Ziymal {vorpal, rN+ Str+4 Dex+3}
   (Trog gifted it to you on level 10 of the Dungeon)

   It inflicts extra damage upon your enemies.
   It affects your strength (+4).
   It affects your dexterity (+3).
   It protects you from negative energy.
 T - a +2 antimagic executioner's axe
Armour
 i - +0 acid dragon scales
 l - a +0 buckler
 v - a +2 hat of willpower (worn)
 C - a +0 cloak of fire resistance (worn)
 D - a +1 chain mail of fire resistance (worn)
 H - a +2 pair of gloves (worn)
 R - a +0 plate armour of willpower
 S - a +2 plate armour of cold resistance
Jewellery
 a - an amulet of regeneration (around neck)
 m - a ring of positive energy
 q - a +4 ring of protection (right hand)
 w - a ring of flight
 E - a ring of fire
 F - a ring of positive energy
 J - a ring of protection from fire
 N - a ring of poison resistance (left hand)
Wands
 e - a wand of iceblast (27)
 n - a wand of mindburst (21)
 s - a wand of acid (10)
 G - a wand of digging (15)
 K - a wand of paralysis (10)
Scrolls
 d - 3 scrolls of blinking
 k - 2 scrolls of enchant weapon
 o - 3 scrolls of holy word
 r - 2 scrolls of silence
 t - 9 scrolls of teleportation
 u - a scroll of magic mapping
 y - 4 scrolls of fear
 L - a scroll of fog
 O - a scroll of brand weapon
 P - 2 scrolls of enchant armour
 Q - a scroll of identify
Potions
 b - 3 potions of flight
 c - 2 potions of lignification
 f - 4 potions of might
 g - 6 potions of invisibility
 h - 3 potions of haste
 p - a potion of berserk rage
 x - 3 potions of mutation
 z - a potion of ambrosia
 A - 3 potions of curing
 B - 2 potions of resistance
 M - a potion of cancellation


   Skills:
 * Level 19.4 Fighting
 + Level 2.2 Long Blades
 + Level 19.7 Axes
 * Level 17.9 Armour
 + Level 6.7 Dodging
 + Level 4.2 Shields
 + Level 1.0 Evocations


You had 15 spell levels left.
You didn't know any spells.
Your spell library was empty.

Dungeon Overview and Level Annotations

Branches:
Dungeon (15/15)            Temple (0/1) D:4            Lair (6/6) D:9
  Swamp (2/4) Lair:3       Spider (0/4) Lair:3        Slime (0/5) Lair:6
    Orc (2/2) D:12            Elf (0/3) Orc:2        Vaults (0/5) D:14
  Sewer (visited)          Bailey (visited)         Volcano (visited)
 Depths: D:15

Altars:
Ashenzari
Cheibriados
Elyvilon
Fedhas
Nemelex Xobeh
Okawaru
Qazlal
Sif Muna
Trog
Vehumet
Wu Jian
Xom
Yredelemnul
Beogh

Shops:
Orc:2 *(([

Annotations:
D:3 1 runed translucent door
Lair:3 exclusion: 3 oklob plants


Innate Abilities, Weirdness & Mutations

You have a pair of horns on your head.
You reflexively headbutt those who attack you in melee.


Message History

The goliath frog hits you but does no damage.
You are no longer berserk.
You are exhausted.
You feel yourself slow down.
Your stone giant goes berserk!
The goliath frog misses you.
The will-o-the-wisp gestures.
The will-o-the-wisp conjures some foxfire!
The goliath frog hits you from afar.
You are splashed with acid!
* * * LOW HITPOINT WARNING * * *
2 foxfires come into view.
The foxfire hits you but does no damage.
The foxfire hits you. You resist.
* * * LOW HITPOINT WARNING * * *
The goliath frog hits you but does no damage.
Your stone giant hits the will-o-the-wisp!
The will-o-the-wisp gestures.
The will-o-the-wisp conjures some foxfire! 2 foxfires come into view.
The foxfire hits you but does no damage.
The foxfire hits you. You resist.
* * * LOW HITPOINT WARNING * * *
Your stone giant hits the will-o-the-wisp!!!
The will-o-the-wisp is destroyed!
Trog accepts your kill.
Your stone giant barely misses the goliath frog.
The goliath frog hits you from afar!!
* * * LOW HITPOINT WARNING * * *
You are splashed with acid!
* * * LOW HITPOINT WARNING * * *
Your skin crawls.
You feel strong-willed.
Your stone giant closely misses the goliath frog.
The goliath frog hits you from afar.
* * * LOW HITPOINT WARNING * * *
You are splashed with acid!
* * * LOW HITPOINT WARNING * * *
Your stone giant closely misses the goliath frog.
The goliath frog hits you from afar!
You die...

♣≈.!≈♣.≈≈≈...§♣
♣>..≈.≈≈≈≈≈≈≈♣♣♣♣#♣♣♣♣♣♣# ≈
♣≈.≈..†≈≈≈≈≈≈≈≈.≈≈≈≈..≈≈.
≈≈♣♣.≈♣≈..≈≈≈≈♣♣♣.≈≈≈≈.♣≈..
...≈♣♣††..f..≈......≈≈..♣≈≈
.≈≈≈..≈≈≈....≈≈..≈≈≈≈≈..♣.≈
≈≈≈≈..)≈≈≈F§.≈≈..≈≈≈≈≈.§≈.≈
≈..≈§≈..≈C§≈≈≈≈.≈≈§≈≈≈.≈♣.>
..≈.≈§.≈≈≈@§≈≈†§≈.≈≈≈≈.≈♣♣≈
♣♣♣.≈...≈≈....).........♣♣.
♣..≈♣........†≈.≈≈≈.♣♣♣♣♣
♣...♣♣♣...♣♣≈♣♣♣.≈≈≈.♣ ♣♣♣
§≈... ♣.≈♣♣♣♣♣ ♣≈≈≈.♣♣ ♣.≈
≈≈.♣♣ ♣..♣ ♣♣♣≈♣♣ ♣.≈ ♣≈.
♣♣♣ ♣≈. ≈.. ♣♣≈ ♣♣


You could see a shambling mangrove, a goliath frog (ally target) and a friendly
stone giant (summoned, berserk).

Vanquished Creatures
  A tentacled monstrosity (Swamp:2)
  A thorn hunter (Swamp:1)
  Gastronok (Lair:2)
  An orc warlord (Orc:2)
  A very ugly thing (D:15)
  3 bunyips (Swamp:2)
  The ghost of DunceCap the Severer, a journeyman HOFi of Beogh (D:11)
  An eleionoma (Swamp:2)
  An ettin (Orc:2)
  A rakshasa (D:15)
  4 boulder beetles
  2 vault guards (D:14)
  12 hydras
  2 catoblepae
  A ghost crab (Swamp:2)
  2 death knights
  6 centaur warriors
  8 death yaks (Lair:6)
  Erica (D:8)
  2 tengu warriors (D:15)
  A deep troll shaman (Lair:6)
  2 orc high priests (Orc:2)
  6 two-headed ogres
  Urug (Lair:2)
  Nergalle (D:11)
  A hell knight (Volcano)
  2 goliath frogs
  A salamander mystic (Volcano)
  A skeletal warrior (D:12)
  A glowing orange brain (D:15)
  2 bog bodies
  A spriggan druid (Swamp:1)
  Pikel (D:9)
  3 orc knights
  A lindwurm (Lair:6)
  6 deep elf pyromancers
  A wolf spider (D:15)
  An orc sorcerer (Orc:2)
  12 ugly things
  3 will-o-the-wisps
  4 manticores
  A cyclops (D:10)
  4 black mambas
  4 salamanders (Volcano)
  Maurice (D:8)
  13 elephants
  Maggie (D:8)
  An unseen horror (D:12)
  14 cane toads
  4 freezing wraiths
  An efreet (D:13)
  A kobold demonologist (D:13)
  Psyche (D:12)
  2 rime drakes
  3 komodo dragons
  5 yaktaurs (D:15)
  2 tengu conjurers (D:14)
  6 trolls
  2 tyrant leeches (Swamp:1)
  5 polar bears
  Grinder (D:3)
  6 meliai (D:13)
  13 blink frogs (Lair:2)
  4 hornets
  Prince Ribbit (D:7)
  10 slime creatures
  Sigmund (D:3)
  6 spriggans
  73 yaks
  6 wraiths
  A vampire (D:9)
  5 wyverns
  A hog (shapeshifter) (D:15)
  7 basilisks
  A steam dragon (Lair:2)
  15 vampire mosquitoes
  4 swamp worms (Swamp:1)
  2 wargs (D:9)
  3 acid dragons (D:11)
  11 water moccasins
  Purgy (Sewer)
  32 orc warriors
  A black bear (shapeshifter) (D:14)
  A swamp drake (Swamp:1)
  A sky beast (D:7)
  2 ice beasts
  5 boggarts (D:14)
  27 wolves
  A necrophage (D:7)
  17 centaurs
  12 ogres
  3 phantoms
  A lemure (D:9)
  9 bullfrogs
  5 kobold brigands
  A wyvern zombie (D:7)
  A gnoll sergeant (D:9)
  7 scorpions
  6 wights
  An electric eel (Lair:3)
  5 howler monkeys
  A bullfrog zombie (D:6)
  18 jellies
  22 orc priests
  Crazy Yiuf (D:3)
  A bullfrog skeleton (D:4)
  4 centaur zombies
  8 hounds
  A centaur skeleton (D:5)
  4 iguanas
  22 orc wizards
  A killer bee zombie (D:7)
  A hound skeleton (D:4)
  Robin (D:4)
  3 adders
  7 gnolls
  2 river rats (D:4)
  2 white imps
  An adder skeleton (D:5)
  4 worms
  The ghost of noodleboyJ the Sneak, a weakling KoDe (D:5)
  4 dart slugs
  73 orcs
  9 endoplasms
  6 giant cockroaches
  17 goblins
  8 hobgoblins
  6 jackals
  32 kobolds
  2 quokkas
  5 ball pythons
  A frilled lizard (D:3)
  A kobold zombie (D:3)
  7 rats
  2 briar patches (Swamp:1)
763 creatures vanquished.

Vanquished Creatures (collateral kills)
  2 vault guards (D:14)
  A death yak (Lair:6)
  A skeletal warrior (D:12)
  A will-o-the-wisp (Swamp:2)
  A manticore (D:12)
  A cyclops (D:14)
  A troll (D:12)
  Grum (D:8)
  3 yaks (D:12)
  A warg (Orc:2)
  An orc warrior (Orc:2)
  2 wolves (D:8)
16 creatures vanquished.

Vanquished Creatures (others)
  A briar patch (Swamp:1)
  22 foxfires
  18 fungi
  39 plants
80 creatures vanquished.

Grand Total: 859 creatures vanquished

Notes
Turn   | Place    | Note
-------+----------+-------------------------------------------
     0 | D:1      | robertstho the Minotaur Berserker began the quest for the
                  | Orb.
     0 | D:1      | Reached XP level 1. HP: 19/19 MP: 0/0
   276 | D:1      | You fall into a shaft and drop 1 floor!
   290 | D:2      | Reached XP level 2. HP: 26/27 MP: 1/1
   735 | D:2      | Found a blossoming altar of Fedhas.
   933 | D:2      | Reached XP level 3. HP: 31/34 MP: 2/2
   984 | D:2      | Reached ** piety under Trog
  1163 | D:2      | Found a stormy altar of Qazlal.
  1590 | D:3      | Noticed Sigmund
  1604 | D:3      | Killed Sigmund
  1605 | D:3      | Reached skill level 5 in Fighting
  1605 | D:3      | Reached skill level 5 in Axes
  1605 | D:3      | Reached XP level 4. HP: 25/42 MP: 3/3
  1605 | D:3      | Reached XP level 5. HP: 29/48 MP: 4/4
  1791 | D:3      | Noticed Grinder
  1809 | D:3      | Paralysed by Grinder for 7 turns
  1827 | D:3      | Killed Grinder
  1828 | D:3      | Reached skill level 5 in Armour
  1828 | D:3      | Reached XP level 6. HP: 53/57 MP: 5/5
  1965 | D:3      | Found a runed translucent door.
  1965 | D:3      | Noticed a human
  1967 | D:3      | Found a basalt altar of Yredelemnul.
  2211 | D:3      | Reached XP level 7. HP: 62/62 MP: 6/6
  2417 | D:3      | Found a runed translucent door.
  2418 | D:3      | Noticed Crazy Yiuf
  2887 | D:3      | Killed Crazy Yiuf
  3202 | D:4      | Noticed Robin
  3219 | D:4      | Killed Robin
  3252 | D:4      | Reached *** piety under Trog
  3323 | D:4      | Found a glowing drain.
  3327 | Sewer    | Entered a sewer
  3421 | Sewer    | Noticed Purgy
  3428 | Sewer    | Killed Purgy
  3429 | Sewer    | Reached XP level 8. HP: 71/71 MP: 7/7
  3609 | D:4      | Found a staircase to the Ecumenical Temple.
  3686 | D:5      | Entered Level 5 of the Dungeon
  4001 | D:5      | Reached skill level 1 in Shields
  4404 | D:5      | Found a runed translucent door.
  4588 | D:5      | Found a bloodstained altar of Trog.
  4768 | D:5      | Noticed noodleboyJ's ghost (weakling KoDe)
  4776 | D:5      | Killed noodleboyJ's ghost
  4859 | D:6      | Found a radiant altar of Vehumet.
  5310 | D:6      | Reached XP level 9. HP: 80/81 MP: 8/8
  5381 | D:6      | Found a basalt altar of Yredelemnul.
  5438 | D:6      | Reached **** piety under Trog
  5924 | D:7      | Found a shimmering altar of Xom.
  6000 | D:7      | Noticed Prince Ribbit
  6070 | D:7      | Found a flagged portal.
  6077 | D:7      | Killed Prince Ribbit
  6095 | Bailey   | Entered a bailey
  6568 | D:7      | Reached skill level 10 in Armour
  6623 | D:7      | Found a snail-covered altar of Cheibriados.
  6742 | D:7      | Found a white marble altar of Elyvilon.
  6793 | D:7      | Found a shimmering blue altar of Sif Muna.
  7085 | D:8      | Reached skill level 10 in Axes
  7111 | D:8      | Reached XP level 10. HP: 81/91 MP: 9/9
  7260 | D:8      | Noticed Maurice
  7429 | D:8      | You fall into a shaft and drop 1 floor!
  7867 | D:8      | Found an ornate altar of the Wu Jian Council.
  7885 | D:8      | Noticed Maggie
  7910 | D:8      | Killed Maggie
  8030 | D:8      | Noticed Grum
  8056 | D:8      | Killed Grum
  8155 | D:8      | Killed Maurice
  8367 | D:8      | Noticed Erica
  8384 | D:8      | Killed Erica
  8385 | D:8      | Reached skill level 10 in Fighting
  8641 | D:8      | Found a stormy altar of Qazlal.
  8741 | D:8      | Noticed a two-headed ogre
  8747 | D:8      | Found a broken altar of Ashenzari.
  8757 | D:8      | Killed a two-headed ogre
  8774 | D:8      | Found an iron altar of Okawaru.
  9188 | D:9      | Found a sparkling altar of Nemelex Xobeh.
  9212 | D:9      | Found a staircase to the Lair.
  9220 | D:9      | Reached XP level 11. HP: 101/101 MP: 10/10
  9230 | D:9      | Reached ***** piety under Trog
  9777 | D:9      | Noticed Pikel
  9792 | D:9      | Killed Pikel
  9979 | D:10     | Entered Level 10 of the Dungeon
 10322 | D:10     | Identified the +1 battleaxe of Ziymal {vorpal, rN+ Str+4
                  | Dex+3} (Trog gifted it to you on level 10 of the Dungeon)
 10322 | D:10     | Received a gift from Trog
 11330 | Lair:1   | Entered Level 1 of the Lair of Beasts
 11677 | Lair:1   | Noticed a six-headed hydra
 11683 | Lair:1   | Killed a four-headed hydra
 12253 | Lair:1   | Identified a scroll of acquirement
 12255 | Lair:1   | Acquired an amulet of regeneration
 12286 | Lair:2   | Noticed Urug
 12296 | Lair:2   | Reached skill level 1 in Long Blades
 12300 | Lair:2   | Killed Urug
 12327 | Lair:2   | Noticed Gastronok
 12359 | Lair:2   | Reached XP level 12. HP: 97/112 MP: 11/11
 12378 | Lair:2   | Killed Gastronok
 12379 | Lair:2   | Reached skill level 5 in Dodging
 12420 | Lair:2   | Found a dark tunnel.
 12431 | Volcano  | Entered a volcano
 12975 | Lair:2   | Noticed a four-headed hydra
 12986 | Lair:2   | Killed a one-headed hydra
 13203 | Lair:2   | Noticed a seven-headed hydra
 13214 | Lair:2   | Killed a three-headed hydra
 13672 | Lair:3   | Found a hole to the Spider Nest.
 13702 | Lair:3   | Noticed a catoblepas
 13737 | Lair:3   | Killed a catoblepas
 13773 | Lair:3   | Reached XP level 13. HP: 116/123 MP: 12/12
 13916 | Lair:3   | Found a staircase to the Swamp.
 14006 | Lair:3   | Reached skill level 15 in Armour
 14200 | Lair:3   | Reached skill level 15 in Axes
 16203 | Lair:6   | Entered Level 6 of the Lair of Beasts
 16220 | Lair:6   | Reached skill level 15 in Fighting
 16356 | Lair:6   | Received a gift from Trog
 16384 | Lair:6   | Reached XP level 14. HP: 108/135 MP: 13/13
 16571 | Lair:6   | Found a staircase to the Slime Pits.
 17011 | Lair:6   | Reached ****** piety under Trog
 17588 | D:11     | Received a gift from Trog
 17694 | D:11     | Noticed Nergalle
 17703 | D:11     | Killed Nergalle
 17968 | D:11     | Found a runed translucent gate.
 17968 | D:11     | Found a runed translucent gate.
 18237 | D:11     | Found a runed translucent gate.
 18238 | D:11     | Noticed DunceCap's ghost (journeyman HOFi)
 18318 | D:11     | Killed DunceCap's ghost
 18355 | D:12     | Noticed Psyche
 18360 | D:12     | Killed Psyche
 18456 | D:12     | Found a frozen archway.
 18471 | D:12     | Found a staircase to the Orcish Mines.
 19256 | D:13     | Reached XP level 15. HP: 127/147 MP: 14/14
 19785 | D:14     | Received a gift from Trog
 20249 | D:14     | Found a gate to the Vaults.
 20611 | Orc:1    | Entered Level 1 of the Orcish Mines
 20906 | Orc:1    | Found a shimmering blue altar of Sif Muna.
 20923 | Orc:1    | Identified Sif Muna's Grimoire of Malediction
 20995 | Orc:2    | Entered Level 2 of the Orcish Mines
 21079 | Orc:2    | Reached skill level 1 in Evocations
 21617 | Orc:2    | Found a staircase to the Elven Halls.
 21667 | Orc:2    | Found Murchoqim's General Store.
 21670 | Orc:2    | Received a gift from Trog
 21689 | Orc:2    | Bought a scroll of enchant armour for 120 gold pieces
 21689 | Orc:2    | Bought a scroll of identify for 32 gold pieces
 21721 | Orc:2    | Found Soppog's Antique Weapon Shop.
 21888 | Orc:2    | Noticed an orc warlord
 21912 | Orc:2    | Killed an orc warlord
 21937 | Orc:2    | Found Nouqiw's Antique Weapon Shop.
 22035 | Orc:2    | Found Ufism's Antique Armour Boutique.
 22044 | Orc:2    | Bought a jewelled battleaxe for 368 gold pieces
 22044 | Orc:2    | Identified the +0 battleaxe of the Wasteland {vorpal, rN++
                  | Str-3} (You bought it in a shop on level 2 of the Orcish
                  | Mines)
 22379 | D:15     | Entered Level 15 of the Dungeon
 23293 | D:15     | Reached XP level 16. HP: 159/159 MP: 15/15
 23558 | Swamp:1  | Entered Level 1 of the Swamp
 23563 | Swamp:1  | Noticed a thorn hunter
 23581 | Swamp:1  | Killed a thorn hunter
 23853 | Swamp:1  | Received a gift from Trog
 24483 | Swamp:2  | Noticed a tentacled monstrosity
 24504 | Swamp:2  | Killed a tentacled monstrosity
 24516 | Swamp:2  | HP: 4/161 [acid (10)]
 24516 | Swamp:2  | Mangled by a goliath frog

Illustrated notes

Levels and vault maps discovered:
D:1:      dpeg_arrival_refuge, layout_basic, serial_shops, shop,
          chequers_serial_rivers_room_b
D:2:      layout_basic, marbit_many_paths, fedhas_altar_fruit_tree
D:3:      layout_loops_ring, dk_yredelemnul_ordeal, uniq_crazy_yiuf_cottage,
          uniq_sigmund, uniq_grinder
D:4:      corexii_shack_village, layout_rooms, minmay_temple_entry_offerings,
          gup_sewer_entry_bowl, feat_on_display, uniq_robin
D:5:      layout_cave_pools, old_standard_altar, ebering_ghost_reflecting_pool
D:6:      layout_basic, lemuel_round_altar, nicolae_vehumet_altar_sigil
D:7:      layout_cave_pools, overflow_temple_1_default, old_standard_altar,
          overflow_temple_1_default, overflow_temple_1_default, enter_bailey_6,
          nrook_uturn, chequers_serial_rivers_small_b, uniq_prince_ribbit1
D:8:      layout_basic, nicolae_wu_jian_wuxing_cycle, lemuel_crystal_altar,
          lemuel_coloured_pillars_altar, nrook_mini_vaults, lemuel_statue_altar,
          uniq_maurice, uniq_grum, uniq_maggie, uniq_erica
D:9:      layout_basic, erik_lair_orcish_takeover, basic_altar,
          chequers_serial_rivers_marsh, nicolae_water_bricks, uniq_pikel
D:10:     layout_cave_pools, amcnicky_mini_corridor_feature
D:11:     layout_basic, ebering_ghost_rock_garden, uniq_nergalle
D:12:     layout_rooms, orc_0_dummy, portal_ice_cave_entry_pillars_1,
          uniq_psyche
D:13:     layout_loops_ring, minivault_1, chequers_serial_rivers_micro_b
D:14:     layout_basic, lightli_vaults_fourway_checkpoint,
          chequers_serial_rivers_room_a
D:15:     gammafunk_enter_depths_forms, layout_gridville,
          corexii_leaking_fountain, beargit_elvish_explorers
Lair:1:   layout_chaotic_city
Lair:2:   layout_cave_pods, nicolae_volcano_entry_two_sided,
          guppyfry_lair_drakes, uniq_urug, uniq_gastronok
Lair:3:   layout_gridlike, minmay_swamp_entry_wisps,
          nicolae_spider_entry_non_spiders, serial_bayou_pond_a,
          minmay_lair_oklob_chamber
Lair:4:   layout_cave_shapes, serial_bayou_shore_b, serial_bayou_shore_b
Lair:5:   layout_cave_pods
Lair:6:   grunt_lair_end_beastmaster, layout_loops_ring,
          minmay_slime_entry_jelly_boxes, st_stairs_12
Swamp:1:  layout_basic_swamp, nicolae_swamp_round_clearing
Swamp:2:  nzn_winding_woodlands_small [nzn_winding_woodlands_5x15_sawtooth,
          nzn_winding_woodlands_center_garden,
          nzn_winding_woodlands_5x15_twine], layout_basic_swamp,
          nicolae_swamp_stair_fork, swamp_pool3
Orc:1:    layout_diamond_mine, led_sif_book
Orc:2:    grunt_orc_community_town_hall, layout_caves,
          grunt_orc_community_big_house_1, grunt_orc_community_big_house_1,
          grunt_orc_community_house_1, grunt_orc_community_house_1,
          grunt_orc_community_house_2, grunt_orc_community_house_1,
          grunt_orc_community_house_1, grunt_orc_community_house_3

Skill      XL: |  1  2  3  4  5  6  7  8  9 10 11 12 13 14 15 16 |
---------------+-------------------------------------------------+-----
Fighting       | 4 5 6 8 9 10 12 13 15 17 18 19 | 19.4
Axes           | 4 5 6 7 8 10 11 12 14 16 17 19 | 19.7
Armour         | 3 5 6 8 10 12 14 15 16 17 | 17.9
Dodging        | 3 4 5 6 |  6.7
Shields        | 1 2 3 4 |  4.2
Long Blades    | 1 2 |  2.2
Evocations     | 1 |  1.0

Action                   |  1- 3 |  4- 6 |  7- 9 | 10-12 | 13-15 | 16-18 || total
-------------------------+-------+-------+-------+-------+-------+-------++-------
Melee: Hand axe          |    57 |    27 |   385 |   347 |       |       ||   816
       Headbutt          |    10 |       |    74 |   132 |   232 |    52 ||   500
       Battleaxe         |       |       |       |   117 |   460 |   146 ||   723
       Scimitar          |       |       |       |     7 |       |       ||     7
       Broad axe         |       |       |       |    91 |   436 |    35 ||   562
Invok: Berserk           |     2 |     3 |    16 |    13 |    16 |     3 ||    53
       Trog's Hand       |       |     1 |     4 |     1 |     1 |     2 ||     9
       Brothers in Arms  |       |       |       |     1 |     5 |     2 ||     8
Evoke: Wand              |       |     3 |       |       |     6 |       ||     9
  Use: Scroll            |     1 |       |     9 |     8 |    11 |     1 ||    30
       Potion            |       |     3 |       |       |     1 |     2 ||     6
 Stab: Sleeping          |     1 |       |       |       |       |       ||     1
Armor: Animal skin       |     3 |       |       |       |       |       ||     3
       Scale mail        |    10 |    12 |   105 |       |       |       ||   127
       Ring mail         |     1 |       |       |       |       |       ||     1
       Chain mail        |       |       |    91 |   327 |   676 |   130 ||  1224
Dodge: Dodged            |    20 |    19 |   183 |   247 |   494 |    73 ||  1036
Block: Buckler           |       |       |    56 |    46 |       |       ||   102
       Rpst.: Scimitar   |       |       |       |     1 |       |       ||     1

Table legend: (Time is in decaauts)
 A = Elapsed time spent in this place.
 B = Non-inter-level travel time spent in this place.
 C = Inter-level travel time spent in this place.
 D = Time resting spent in this place.
 E = Time spent auto-exploring this place.
 F = Levels seen in this place.
 G = Mean time per level.
                   A        B        C        D        E       F      G
               +--------+--------+--------+--------+--------+-----+--------+
         Total |  24728 |  23479 |   1249 |   1575 |  17602 |  28 |  883.1 |
       Dungeon |  15464 |  14708 |    756 |   1247 |  10947 |  15 | 1030.9 |
          Lair |   5902 |   5619 |    283 |     84 |   4486 |   6 |  983.7 |
         Swamp |   1004 |    989 |     15 |     55 |    707 |   2 |  502.0 |
  Orcish Mines |   1687 |   1493 |    194 |      0 |   1208 |   2 |  843.5 |
         Sewer |    171 |    171 |      0 |     33 |     68 |   1 |  171.0 |
        Bailey |    186 |    186 |      0 |    155 |      1 |   1 |  186.0 |
       Volcano |    312 |    312 |      0 |      0 |    184 |   1 |  312.0 |
               +--------+--------+--------+--------+--------+-----+--------+

Top non-repeatable levels by time:
     D:8: 1677 daAuts
     D:3: 1510 daAuts
     D:9: 1358 daAuts
    D:10: 1322 daAuts
     D:2: 1230 daAuts
  Lair:6: 1205 daAuts
   Orc:2: 1145 daAuts
     D:6: 1105 daAuts
    D:14: 1058 daAuts
  Lair:2: 1053 daAuts
  Lair:1: 994 daAuts
     D:7: 985 daAuts
  Lair:5: 981 daAuts
  Lair:3: 979 daAuts
     D:5: 921 daAuts
